 Dungeon Crawl Stone Soup version 0.30-a0-743-gbfdf073431 (webtiles) character file.

Game seed: 947824053985415799

818 hikkokomori the Slasher (level 7, -15/55 HPs)
             Began as a Demonspawn Gladiator on Feb 8, 2023.
             Was an Initiate of Dithmenos.
             Killed from afar by a steam dragon (25 damage)
             ... with a ball of steam
             ... on level 6 of the Dungeon.
             The game lasted 00:04:08 (4147 turns).

hikkokomori the Slasher (Demonspawn Gladiator)      Turns: 4147, Time: 00:04:08

Health: -15/55     AC:  8    Str: 14    XL:     7   Next: 62%
Magic:  7/7        EV: 13    Int:  9    God:    Dithmenos [......]
Gold:   251        SH:  5    Dex: 17    Spells: 6/6 levels left

rFire   . . .      SeeInvis .    a - +0 long sword
rCold   . . .      Faith    .    (no shield)
rNeg    . . .      Spirit   .    k - +3 leather armour
rPois   .          Reflect  +    c - +0 helmet
rElec   .          Harm     .    (cloak unavailable)
rCorr   .          Rampage  .    y - +0 pair of gloves
Will    .....                    (no boots)
Stlth   ++                       j - amulet of reflection
HPRegen 0.29/turn                (no ring)
MPRegen 0.10/turn                (no ring)

@: no status effects
A: spiny 2, weakness stinger 3
a: Renounce Religion


You were on level 6 of the Dungeon.
You worshipped Dithmenos.
Dithmenos was noncommittal.
You visited 2 branches of the dungeon, and saw 7 of its levels.

You collected 251 gold pieces.

Inventory:

Hand Weapons
 a - a +0 long sword (weapon)
Missiles
 d - 3 throwing nets (quivered)
 e - a javelin
Armour
 b - a +0 leather armour
 c - a +0 helmet (worn)
 g - a +0 cloak
 k - a +3 leather armour (worn)
 y - a +0 pair of gloves (worn)
Jewellery
 j - an amulet of reflection (around neck)
 o - a ring of ice
Wands
 n - a wand of acid (5)
 v - a wand of roots (12)
 z - a wand of mindburst (16)
Scrolls
 f - 4 scrolls of identify {unknown}
 i - 6 scrolls of teleportation
 m - a scroll of magic mapping {unknown}
 p - a scroll of enchant armour {unknown}
 s - a scroll of fear {unknown}
 t - a scroll of silence {unknown}
 u - a scroll of fog {unknown}
 x - a scroll of immolation {unknown}
 A - a scroll of poison {unknown}
Potions
 h - 2 potions of lignification {unknown}
 l - a potion of degeneration {unknown}
 q - a potion of resistance {unknown}
 r - a potion of curing {unknown}
 w - a potion of heal wounds {unknown}
 B - 2 potions of berserk rage {unknown}


   Skills:
 + Level 4.6 Fighting
 + Level 4.7 Long Blades
 - Level 1.9 Throwing
 - Level 3.9 Dodging
 + Level 3.9 Stealth
 + Level 2.6 Evocations


You had 6 spell levels left.
You didn't know any spells.
Your spell library was empty.

Dungeon Overview and Level Annotations

Branches:
Dungeon (6/15)             Temple (1/1) D:5

Altars:
Ashenzari
Cheibriados
Dithmenos
Fedhas
Gozag
Hepliaklqana
Kikubaaqudgha
Makhleb
Nemelex Xobeh
Okawaru
Qazlal
Ru
Sif Muna
Trog
Uskayaw
Vehumet
Wu Jian
Xom
Yredelemnul


Innate Abilities, Weirdness & Mutations

You are mostly covered in sharp spines.
You have a sharp stinger which inflicts weakening toxins.


Message History

The shadow imp is struck by your spines.
The shadow imp closely misses you. The steam dragon breathes steam at you.
The ball of steam misses you. You block the hound's attack.
The hound barely misses you. The hound is struck by your spines.
The hound barely misses you. The steam dragon closely misses you.
The steam dragon barely misses you. You block the hound's attack.
You hit the steam dragon.
The steam dragon is lightly wounded.
The hound is struck by your spines. The hound barely misses you.
The steam dragon bites you. The steam dragon barely misses you.
Aiming: Corrosive Bolt
Press: ? - help, Shift-Dir - straight line, f - shadow imp
Aim: a shadow imp (almost dead, 68% to hit)
The bolt of acid misses the steam dragon.
The bolt of acid hits the shadow imp!!
You kill the shadow imp!
Dithmenos accepts your kill. The hound is struck by your spines.
The hound barely misses you. The hound closely misses you.
The steam dragon bites you. The steam dragon claws you.
* * * LOW HITPOINT WARNING * * *
The steam dragon attacks as you move away!
The steam dragon barely misses you. The steam dragon claws you.
* * * LOW HITPOINT WARNING * * *
The hound is struck by your spines. The hound bites you.
* * * LOW HITPOINT WARNING * * *
The steam dragon attacks as you move away!
The steam dragon is struck by your spines.
The steam dragon bites you.
* * * LOW HITPOINT WARNING * * *
The steam dragon claws you.
* * * LOW HITPOINT WARNING * * *
The hound is struck by your spines.
You kill the hound!
Dithmenos accepts your kill. The steam dragon breathes steam at you.
The ball of steam hits you!!
You die...

..... ...... ......###
......).#### #.
......#....##### #.
...............# #.
...............# #.
..........D....#############.
##.........§@..##.........##.
#....########.##.........##.
#.... #..#.....†...... #....
##.#..........#. #....
#............#. ####
##..........##.
#..........### ##.........#
#...>.....#


You could see a steam dragon (catching breath).

Vanquished Creatures
  A water moccasin (D:5)
  2 black bears
  A phantom (D:4)
  3 scorpions
  A howler monkey (D:3)
  A hound (D:6)
  A jelly (D:5)
  2 iguanas (D:6)
  An orc wizard (D:3)
  4 adders
  2 shadow imps (D:6)
  3 worms
  2 dart slugs (D:1)
  4 orcs (D:3)
  4 ball pythons
  2 endoplasms
  2 giant cockroaches
  5 goblins
  10 hobgoblins
  4 jackals
  5 quokkas
  2 bats
  A frilled lizard (D:1)
  5 kobolds
  5 rats
73 creatures vanquished.

Vanquished Creatures (others)
  An orc (D:6)
1 creature vanquished.

Grand Total: 74 creatures vanquished

Notes
Turn   | Place    | Note
-------+----------+-------------------------------------------
     0 | D:1      | hikkokomori the Demonspawn Gladiator began the quest for
                  | the Orb.
     0 | D:1      | Reached XP level 1. HP: 16/16 MP: 1/1
    72 | D:1      | Found a faded altar of an unknown god.
    97 | D:1      | Gained mutation: You have a small tail. [demonic ancestry]
    97 | D:1      | Reached XP level 2. HP: 1/22 MP: 2/2
   876 | D:2      | Reached XP level 3. HP: 28/28 MP: 3/3
  1136 | D:2      | Reached skill level 1 in Stealth
  1656 | D:3      | Gained mutation: You have a tail ending in a sharp stinger.
                  | [demonic ancestry]
  1656 | D:3      | Reached XP level 4. HP: 34/34 MP: 4/4
  1901 | D:3      | Gained mutation: You are partially covered in sharp spines.
                  | [demonic ancestry]
  1901 | D:3      | Reached XP level 5. HP: 12/41 MP: 5/5
  2325 | D:4      | Noticed a black bear
  2332 | D:4      | Killed a black bear
  2362 | D:4      | Gained mutation: You are mostly covered in sharp spines.
                  | [demonic ancestry]
  2362 | D:4      | Reached XP level 6. HP: 39/47 MP: 6/6
  2461 | D:4      | Reached skill level 1 in Evocations
  2927 | D:5      | Entered Level 5 of the Dungeon
  3026 | D:5      | Noticed a water moccasin
  3034 | D:5      | Killed a water moccasin
  3035 | D:5      | Gained mutation: You have a sharp stinger which inflicts
                  | weakening toxins. [demonic ancestry]
  3035 | D:5      | Reached XP level 7. HP: 49/54 MP: 7/7
  3111 | D:5      | Found a staircase to the Ecumenical Temple.
  3131 | D:5      | Found a hazy altar of Hepliaklqana.
  3183 | Temple   | Entered the Ecumenical Temple
  3358 | Temple   | Became a worshipper of Dithmenos the Shadowed
  3687 | D:5      | Found a blossoming altar of Fedhas.
  4130 | D:6      | Noticed a steam dragon
  4147 | D:6      | Killed from afar by a steam dragon

Illustrated notes

Levels and vault maps discovered:
D:1:      tekkud_arrival_beachfront_property, layout_basic,
          hellmonk_ecumenical_altar_dog_temple, hangedman_decor_growths,
          minmay_box_of_dots
D:2:      layout_basic
D:3:      layout_basic, chequers_jeans, minivault_11, minmay_tree_intersection
D:4:      layout_basic
D:5:      layout_basic, mainiacjoe_overflow_two_lobes, minmay_temple_entry_trees
D:6:      layout_basic, corexii_leaking_fountain, uniq_edmund
Temple:   mainiacjoe_temple_big_plus

Skill      XL: |  1  2  3  4  5  6  7 |
---------------+----------------------+-----
Long Blades    | 3 4 |  4.7
Dodging        | 3 |  3.9
Stealth        | 1 2 3 |  3.9
Fighting       | 3 4 |  4.6
Evocations     | 1 2 |  2.6
Throwing       | |  1.9

Action                     |  1- 3 |  4- 6 |  7- 9 || total
---------------------------+-------+-------+-------++-------
  Melee: Long sword        |    85 |    99 |    35 ||   219
         Tailslap          |    10 |    14 |     4 ||    28
         Punch             |       |     1 |     1 ||     2
  Evoke: Wand              |       |       |     1 ||     1
    Use: Scroll            |     1 |       |       ||     1
   Stab: Sleeping          |     1 |     4 |     1 ||     6
         Distracted        |       |     1 |       ||     1
 Armour: Leather armour    |    22 |    32 |    11 ||    65
  Dodge: Dodged            |    65 |    68 |    28 ||   161
  Block: Other             |     3 |    23 |    12 ||    38

Table legend: (Time is in decaauts)
 A = Elapsed time spent in this place.
 B = Non-inter-level travel time spent in this place.
 C = Inter-level travel time spent in this place.
 D = Time resting spent in this place.
 E = Time spent auto-exploring this place.
 F = Levels seen in this place.
 G = Mean time per level.
                   A        B        C        D        E       F      G
               +--------+--------+--------+--------+--------+-----+--------+
         Total |   4197 |   3996 |    201 |      0 |   3416 |   7 |  599.6 |
       Dungeon |   3713 |   3538 |    175 |      0 |   2969 |   6 |  618.8 |
        Temple |    483 |    457 |     26 |      0 |    447 |   1 |  483.0 |
               +--------+--------+--------+--------+--------+-----+--------+

Top non-repeatable levels by time:
     D:3: 887 daAuts
     D:1: 817 daAuts
     D:2: 649 daAuts
     D:4: 613 daAuts
     D:5: 610 daAuts
  Temple: 483 daAuts
     D:6: 134 daAuts
